 Dungeon Crawl Stone Soup version 0.30-a0-1075-gcd70e7a56d (webtiles) character file.

Game seed: 8322883369226671454

83 Lobster4 the Shooter (level 4, 0/38 HPs)
             Began as a Minotaur Hunter on Apr 14, 2023.
             Slain by an ogre
             ... wielding a +0 giant spiked club
              (25 damage)
             ... on level 2 of the Dungeon.
             The game lasted 00:03:27 (1443 turns).

Lobster4 the Shooter (Minotaur Hunter)              Turns: 1443, Time: 00:03:27

Health: 0/38       AC:  5    Str: 16    XL:     4   Next: 22%
Magic:  3/3        EV: 11    Int:  6    God:
Gold:   138        SH:  0    Dex: 15    Spells: 3/3 levels left

rFire   . . .      SeeInvis .    a - +0 shortbow
rCold   . . .      Faith    .    (shield currently unavailable)
rNeg    . . .      Spirit   .    n - +0 ring mail
rPois   .          Reflect  .    (helmet restricted)
rElec   .          Rampage  .    (no cloak)
rCorr   .                        (no gloves)
Will    .....                    (no boots)
Stlth   +                        h - amulet of regeneration
HPRegen 1.06/turn                (no ring)
MPRegen 0.08/turn                (no ring)

@: no status effects
A: horns 2, retaliatory headbutt
a: no special abilities


You were on level 2 of the Dungeon.
You visited 1 branch of the dungeon, and saw 3 of its levels.

You collected 138 gold pieces.

Inventory:

Hand Weapons
 a - a +0 shortbow (weapon)
 f - a +0 war axe
 t - a +0 short sword of holy wrath
Missiles
 d - 5 poisoned darts
Armour
 c - a +0 leather armour
 n - a +0 ring mail (worn)
 q - the +1 robe of Death Resistance {Rampage *Corrode rC+++ Slay-6}
   (You found it on level 2 of the Dungeon)

   Slay:      It affects your accuracy & damage with ranged weapons and melee
   (-6).
   rC:        It renders you almost immune to cold.
   *Corrode:  It may corrode you when you take damage.
   Rampage:   It bestows one free step when moving towards enemies.
Jewellery
 h - an amulet of regeneration (around neck)
Wands
 p - a wand of mindburst (10)
Scrolls
 b - a scroll of immolation
 i - 3 scrolls of identify {unknown}
 j - 2 scrolls of enchant armour {unknown}
 l - a scroll of amnesia {unknown}
 o - a scroll of noise {unknown}
 r - 3 scrolls of magic mapping {unknown}
Potions
 e - 2 potions of curing {unknown}
 k - a potion of heal wounds {unknown}
 m - a potion of lignification {unknown}
 s - a potion of ambrosia {unknown}


   Skills:
 + Level 3.2 Fighting
 + Level 1.9 Axes
 + Level 4.8 Ranged Weapons
 + Level 1.8 Armour
 + Level 2.9 Dodging
 - Level 1.0 Stealth


You had 3 spell levels left.
You didn't know any spells.
Your spell library contained the following spells:

 Spells                   Type           Power      Damage    Failure   Level
 Shock                    Conj/Air       0%         1d3       67%         1
 Hailstorm                Conj/Ice       0%         3d3       95%         3
 Swiftness                Air            0%         N/A       95%         3
 Airstrike                Air            0%         2d(0-16)  100%        4
 Ice Form                 Ice/Tmut       0%         N/A       100%        4
 Simulacrum               Ice/Necr       0%         N/A       100%        6


Dungeon Overview and Level Annotations

Branches:
Dungeon (3/15)

Altars:


Innate Abilities, Weirdness & Mutations

You have a pair of horns on your head.
You reflexively headbutt those who attack you in melee.


Message History

The arrow barely misses the giant cockroach.
The giant cockroach bites you but does no damage.
The kobold barely misses you.
You shoot an arrow.
The arrow hits the giant cockroach but does no damage.
The giant cockroach is almost dead.
The giant cockroach barely misses you. You furiously retaliate!
You headbutt the giant cockroach!
You kill the giant cockroach!
The kobold barely misses you. You furiously retaliate!
You headbutt the kobold!
You kill the kobold!
The goblin barely misses you. You furiously retaliate!
You headbutt the goblin.
You kill the goblin!
The bat hits you but does no damage. The bat barely misses you.
The ogre misses you.
You climb upwards.
There is a stone staircase leading down here.
The bat hits you. The bat hits you but does no damage.
The bat attacks as you move away! The bat hits you but does no damage. x2
You shoot an arrow. The arrow barely misses the ogre.
The bat hits you but does no damage. x2
You shoot an arrow. The arrow misses the bat.
The arrow hits the ogre.
The ogre is moderately wounded.
The bat misses you.
You shoot an arrow.
The arrow hits the ogre but does no damage.
The ogre is moderately wounded.
The ogre hits you with a +0 giant spiked club!
You shoot an arrow. The arrow hits the ogre.
The ogre is moderately wounded.
The ogre misses you.
You shoot an arrow. The arrow hits the ogre!
The ogre is severely wounded.
The ogre barely misses you.
You shoot an arrow.
The arrow hits the ogre but does no damage.
The ogre is severely wounded.
The ogre hits you with a +0 giant spiked club!!
Ouch! That really hurt!
You die...

# #.##.#..####..#.#.###.#### #
#.......####..#...###.##.. #
#.##.##.......###.....##.#
#.#..##.#......##.######.#
#.#.###.#.##......######.# #####
#.#.###.#.####.##........#
....####........b>.##.###########
###..........###O#.##.#
###.#####.....##@#.##.## #...#
#.....##.......# #.#.#
#.....##.#.##..# #.#.#
##...###.#.##..# ....#
#.....##.#..#..# #)###
#.....##.##.#..# #.#
#.....##.......# #.#
#.....##.....>.# #.#
#.....#####..###


You could see an ogre and a bat.

Vanquished Creatures
  3 gnolls
  An adder (D:2)
  2 ball pythons
  2 bats
  4 endoplasms
  2 giant cockroaches
  6 hobgoblins
  7 jackals
  4 quokkas
  A frilled lizard (D:2)
  4 goblins
  4 kobolds
  2 rats (D:1)
42 creatures vanquished.

Notes
Turn   | Place    | Note
-------+----------+-------------------------------------------
     0 | D:1      | Lobster4 the Minotaur Hunter began the quest for the Orb.
     0 | D:1      | Reached XP level 1. HP: 18/18 MP: 0/0
    97 | D:1      | Reached skill level 1 in Stealth
    98 | D:1      | Reached XP level 2. HP: 25/25 MP: 1/1
   156 | D:1      | Reached skill level 1 in Armour
   226 | D:1      | Reached skill level 1 in Axes
   633 | D:2      | Reached XP level 3. HP: 30/30 MP: 2/2
   916 | D:2      | Reached XP level 4. HP: 25/38 MP: 3/3
   958 | D:2      | Identified the +1 robe of Death Resistance {Rampage
                  | *Corrode rC+++ Slay-6}
  1368 | D:3      | Noticed an ogre
  1443 | D:2      | Slain by an ogre

Illustrated notes

Levels and vault maps discovered:
D:1:      sevenhm_arrival_forest_fort_small_4, layout_basic
D:2:      layout_loops_cross
D:3:      layout_rooms, ebering_ecumenical_altar_abandoned, grunt_decor_clamped,
          uniq_crazy_yiuf_cottage

Skill      XL: |  1  2  3 |
---------------+----------+-----
Stealth        | 1 |  1.0
Armour         | 1 |  1.8
Axes           | 1 |  1.9
Fighting       | 3 |  3.2
Ranged Weapons | |  4.8
Dodging        | |  2.9

Action                     |  1- 3 |  4- 6 || total
---------------------------+-------+-------++-------
   Fire: Shortbow          |    91 |    28 ||   119
 Armour: Leather armour    |     4 |       ||     4
         Ring mail         |       |    20 ||    20
  Dodge: Dodged            |    27 |    22 ||    49

Table legend: (Time is in decaauts)
 A = Elapsed time spent in this place.
 B = Non-inter-level travel time spent in this place.
 C = Inter-level travel time spent in this place.
 D = Time resting spent in this place.
 E = Time spent auto-exploring this place.
 F = Levels seen in this place.
 G = Mean time per level.
                   A        B        C        D        E       F      G
               +--------+--------+--------+--------+--------+-----+--------+
         Total |   1487 |   1276 |    211 |      0 |    965 |   3 |  495.7 |
       Dungeon |   1487 |   1276 |    211 |      0 |    965 |   3 |  495.7 |
               +--------+--------+--------+--------+--------+-----+--------+

Top non-repeatable levels by time:
     D:2: 791 daAuts
     D:1: 653 daAuts
     D:3: 42 daAuts
